[Event "Team 45 45 League T27"]
[Site "Free Internet Chess Server"]
[Date "2005.06.25"]
[Round "1"]
[White "Atreus"]
[Black "cerebero"]
[Result "1/2-1/2"]
[WhiteElo "1850"]
[BlackElo "1851"]
[TimeControl "2700+45"]

1. e4 c5 2. f4 d6 3. Nf3 Nc6 4. Bb5 a6 5. Bxc6+ bxc6 6. O-O g6 7. d4 Qb6 8. c3 Bg7 9. Na3 cxd4 10. cxd4 d5 11. e5 c5 12. Nc2 Nh6 13. dxc5 Qxc5+ 14. Be3 Qb5 15. Ncd4 Qb7 16. Rc1 Ng4 17. Bd2 Bd7 18. h3 Nh6 19. Nb3 O-O 20. Nc5 Qb6 21. b4 Bb5 22. Rf2 Rfd8 23. a4 Bc4 24. Nd4 a5 25. Ncb3 Bxb3 26. Nxb3 axb4 27. a5 Qb7 28. Be3 Rdc8 29. Rfc2 Nf5 30. Bb6 e6 31. Nc5 Qe7 32. Nd3 Rxc2 33. Rxc2 Bf8 34. Rb2 Rc8 35. Rxb4 d4 36. a6 Qe8 37. Rb2 Ne3 38. Qa1 Qc6 39. a7 Ra8 40. Bxd4 Nc2 41. Qb1 Na3 42. Qc1 Qd5 43. Qe3 Nc4 44. Qf2 Nxb2 45. Qxb2 Qe4 46. Qc3 Rc8 47. Qxc8   {Game drawn by mutual agreement} 1/2-1/2

[Event "Team 45 45 League T27"]
[Site "Free Internet Chess Server"]
[Date "2005.06.18"]
[Round "1"]
[White "RomaLavrn"]
[Black "MGoo"]
[Result "1/2-1/2"]
[WhiteElo "1863"]
[BlackElo "1745"]
[TimeControl "2700+45"]

1. d4 Nf6 2. Bg5 d5 3. e3 Bf5 4. c4 Ne4 5. Bf4 e6 6. Nc3 Bb4 7. Qb3 Bxc3+ 8. bxc3 b6 9. Nf3 O-O 10. cxd5 exd5 11. c4 Be6 12. Ng5 Nxg5 13. Bd3 dxc4 14. Bxc4 Bxc4 15. Qxc4 Ne6 16. Bg3 Nd7 17. d5 Nec5 18. O-O Nf6 19. Rfd1 Qc8 20. Rd4 Qa6 21. Qc2 Qb7 22. Rad1 Rfe8 23. Rh4 Rac8 24. Rdd4 Nce4 25. Rdxe4 Rxe4 26. Rxe4 Nxe4 27. Qxe4 Rd8 28. Qe7 Qxd5 29. h3 c5 30. Qxa7 b5 31. Qb6 b4 32. e4 Qd4 33. Be5 Qd1+ 34. Kh2 Rc8 35. Bd6 Qh5 36. f4 Qg6 37. Bxc5 Qxb6 38. Bxb6 Rc4 39. Kg3 Rxe4 40. Kf3 Re6 41. Bc5 Ra6 42. Bxb4 Rxa2 43. g3 f6 44. h4 Kf7 45. g4 Ke6 46. Bf8 g6 47. Kg3 h5 48. f5+ gxf5 49. gxh5 Ra8 50. Bg7 Rg8 51. h6 Kf7 52. Kf4 Rxg7 53. hxg7 Kxg7 54. Kxf5 Kh6 55. Kxf6 Kh5 56. Kf5 Kxh4   {Neither player has mating material} 1/2-1/2

[Event "Team 45 45 League T27"]
[Site "Free Internet Chess Server"]
[Date "2005.06.19"]
[Round "1"]
[White "TGV"]
[Black "JoeytheBudgie"]
[Result "0-1"]
[WhiteElo "1764"]
[BlackElo "1744"]
[TimeControl "2700+45"]

1. d4 Nf6 2. c4 g6 3. Nc3 d5 4. cxd5 Nxd5 5. e4 Nxc3 6. bxc3 Bg7 7. Bc4 c5 8. Ne2 Nc6 9. Be3 cxd4 10. cxd4 O-O 11. O-O Bg4 12. f3 Na5 13. Bxf7+ Rxf7 14. fxg4 Rxf1+ 15. Kxf1 Nc4 16. Qb3 Qf8+ 17. Kg1 Qf7 18. Rf1 Qe6 19. e5 Qd5 20. Nf4 Qc6 21. d5 Qc7 22. d6 exd6 23. exd6 Qc6 24. Rc1 b5 25. Rd1 Rd8 26. Nd5 Qxd6 27. Qxb5 Nxe3 28. Nxe3 Bd4 29. Qc4+ Kg7 30. Rd3 Bxe3+ 31. Rxe3 Qd1+ 32. Qf1 Qd4 33. Qf3 Re8 34. Qb7+ Kh6 35. g5+ Kxg5 36. h4+ Kh6   {White resigns} 0-1

[Event "Team 45 45 League T27"]
[Site "Free Internet Chess Server"]
[Date "2005.06.16"]
[Round "1"]
[White "watson"]
[Black "gonzolawyer"]
[Result "1-0"]
[WhiteElo "1883"]
[BlackElo "1754"]
[TimeControl "2700+45"]

1. e4 c5 2. Nf3 Nc6 3. Bb5 e6 4. Bxc6 bxc6 5. O-O Nf6 6. Nc3 d5 7. e5 Nd7 8. d4 cxd4 9. Qxd4 Ba6 10. Re1 Qb6 11. Qg4 g6 12. b3 Bc5 13. Qg3 h5 14. Na4 Qb4 15. Nxc5 Nxc5 16. a4 Qc3 17. Ra2 Kd7 18. Bd2 Ne4 19. Rxe4 Qc5 20. Rf4 Raf8 21. Bb4   {Black resigns} 1-0

[Event "Team 45 45 League T27"]
[Site "Free Internet Chess Server"]
[Date "2005.06.19"]
[Round "1"]
[White "CleverBanana"]
[Black "ButiOxa"]
[Result "0-1"]
[WhiteElo "1641"]
[BlackElo "1765"]
[TimeControl "2700+45"]

1. d4 Nf6 2. c4 c5 3. e3 b6 4. Nc3 d6 5. Nf3 Bg4 6. Be2 g6 7. h3 Bd7 8. O-O Bg7 9. d5 O-O 10. Qc2 Na6 11. b3 Bf5 12. e4 Nxe4 13. Nxe4 Bxa1 14. Bh6 Bg7 15. Bxg7 Kxg7 16. Qc3+ Kg8 17. Neg5 Nc7 18. Nh2 e5 19. h4 Bd7 20. g3 b5 21. Ne4 Qe7 22. Qa5 Bf5 23. Ng5 b4 24. a3 bxa3 25. Qxa3 Rfb8 26. Bg4 f6 27. Ngf3 Bd3 28. Re1 f5 29. Bh3 Ne8 30. Ng5 h6 31. Ngf3 Nf6 32. Qb2 e4 33. Qd2 Kg7 34. Qxd3 Qb7   {White resigns} 0-1

[Event "Team 45 45 League T27"]
[Site "Free Internet Chess Server"]
[Date "2005.06.19"]
[Round "1"]
[White "threeNT"]
[Black "Flodo"]
[Result "1/2-1/2"]
[WhiteElo "1736"]
[BlackElo "1612"]
[TimeControl "2700+45"]

1. e4 e5 2. Nf3 Nc6 3. Bb5 a6 4. Ba4 b5 5. Bb3 Bc5 6. c3 d6 7. d4 exd4 8. cxd4 Bb4+ 9. Nc3 Bxc3+ 10. bxc3 h6 11. O-O Nf6 12. Re1 O-O 13. e5 dxe5 14. dxe5 Qxd1 15. Rxd1 Nh7 16. Ba3 Re8 17. Bd5 Bb7 18. Re1 Rab8 19. e6 fxe6 20. Rxe6 Rxe6 21. Bxe6+ Kh8 22. Rd1 Nf6 23. Nd4 Rd8 24. f4 Ne4 25. Bb2 Nxd4 26. cxd4 c5 27. d5 c4 28. Be5 b4 29. Bc7 Nc3 30. Bxd8 Nxd1 31. d6 c3 32. Ba5 Bc6 33. Bxb4 c2 34. Bd2 Nb2 35. d7 Bxd7 36. Bxd7 Nd3 37. Bb5 c1=Q+ 38. Bxc1 Nxc1 39. Bc4 a5 40. Kf2 g6 41. Ke3 Kg7 42. Kd2 Nxa2 43. Bxa2 Kf6 44. Ke3 g5 45. fxg5+ Kxg5 46. g3 Kg4 47. Be6+ Kg5 48. h4+ Kf6 49. Bd7 Ke7 50. Ba4 Kf6 51. Kf4 Kg6 52. g4 Kg7 53. Ke5 Kg6 54. h5+ Kg7 55. Bc2 Kf7 56. Bf5 Kg7 57. Kd4 a4 58. Kc4 a3 59. Kb3 a2 60. Kxa2 Kh8 61. Kb3 Kg7 62. Kc4 Kf6 63. Kd5 Kg7 64. Ke5 Kf7 65. Kf4 Kf6 66. Bd3 Kg7 67. Ke5 Kf7 68. Kf5 Kg7 69. g5 hxg5 70. Kxg5 Kh8 71. Kg6 Kg8 72. Kh6 Kh8 73. Kg6 Kg8 74. Kg5 Kg7 75. h6+ Kh8   {Game drawn by mutual agreement} 1/2-1/2

[Event "Team 45 45 League T27"]
[Site "Free Internet Chess Server"]
[Date "2005.06.19"]
[Round "1"]
[White "AlesD"]
[Black "FusterCluck"]
[Result "1/2-1/2"]
[WhiteElo "1610"]
[BlackElo "1749"]
[TimeControl "2700+45"]

1. d4 d5 2. e3 Nf6 3. Bd3 e6 4. Nf3 c5 5. c3 Nc6 6. O-O cxd4 7. exd4 Bd6 8. Re1 O-O 9. Nbd2 Qc7 10. Nf1 e5 11. dxe5 Nxe5 12. Nxe5 Bxe5 13. Be2 b6 14. Be3 Bb7 15. Bd4 Rfe8 16. Bf3 Rad8 17. h3 Ne4 18. Bxe5 Rxe5 19. Qa4 Bc6 20. Qd4 Ree8 21. Rad1 Qd6 22. Ne3 Qc5 23. Nf5 Qxd4 24. Nxd4 Bb7 25. Rd3 Kf8 26. Bd1 Nc5 27. Rxe8+ Rxe8 28. Re3 Rxe3 29. fxe3 Ke7 30. Bc2 h6 31. Kf2 g6 32. b4 Ne4+ 33. Bxe4 dxe4 34. g3 f5 35. h4 Kf6 36. a3 Bd5 37. Ke2 Bc4+ 38. Ke1 g5 39. Kf2 gxh4 40. gxh4   {Game drawn by mutual agreement} 1/2-1/2

[Event "Team 45 45 League T27"]
[Site "Free Internet Chess Server"]
[Date "2005.06.20"]
[Round "1"]
[White "anandkvs"]
[Black "Maras"]
[Result "1/2-1/2"]
[WhiteElo "1894"]
[BlackElo "2138"]
[TimeControl "2700+45"]

1. e4 e5 2. Nf3 Nc6 3. Bb5 a6 4. Ba4 Nf6 5. O-O b5 6. Bb3 Bc5 7. c3 d6 8. d4 Bb6 9. dxe5 dxe5 10. Qxd8+ Nxd8 11. Nxe5 Nxe4 12. Bd5 Bb7 13. Bxe4 Bxe4 14. Re1 Bxb1 15. Rxb1 Ne6 16. Be3 Bxe3 17. Rxe3 O-O 18. Rbe1 Rfe8 19. Nd7 Red8 20. Ne5 Rd6 21. g3 g5 22. Rf3 Rf8 23. Re2 Kg7 24. Kg2   {Game drawn by mutual agreement} 1/2-1/2

[Event "Team 45 45 League T27"]
[Site "Free Internet Chess Server"]
[Date "2005.06.17"]
[Round "1"]
[White "Huevon"]
[Black "Valiantangel"]
[Result "1-0"]
[WhiteElo "1908"]
[BlackElo "1832"]
[TimeControl "2700+45"]

1. f4 d5 2. b3 c5 3. Nf3 Bg4 4. e3 Nd7 5. Bb5 Nf6 6. Bb2 a6 7. Bxd7+ Nxd7 8. O-O Bxf3 9. Qxf3 e6 10. d3 f6 11. Nd2 Bd6 12. a4 O-O 13. Qg4 e5 14. Qe6+   {Black resigns} 1-0

[Event "Team 45 45 League T27"]
[Site "Free Internet Chess Server"]
[Date "2005.06.26"]
[Round "1"]
[White "AlefZero"]
[Black "Sportsmen"]
[Result "0-1"]
[WhiteElo "2147"]
[BlackElo "2189"]
[TimeControl "2700+45"]

1. e4 e6 2. d4 d5 3. Nc3 Nf6 4. Bg5 Be7 5. e5 Nfd7 6. h4 h6 7. Be3 c5 8. Qg4 Bf8 9. Nf3 Nc6 10. dxc5 Qa5 11. Bb5 a6 12. Bxc6 bxc6 13. a3 h5 14. Qg3 Rb8 15. Bd2 Qxc5 16. O-O a5 17. Ng5 Ba6 18. Rfe1 Be7 19. Qf3 Bxg5 20. Bxg5 Qd4 21. Rad1 Qg4 22. Qxg4 hxg4 23. b3 c5 24. Na4 Bb5 25. Nb2 O-O 26. Nd3 Rfc8 27. Be7 c4 28. Nc1 cxb3 29. Nxb3 Rxc2 30. Nxa5 Be2 31. Rc1 Rxc1 32. Rxc1 Nxe5 33. Bd6 Nd3 34. Bxb8 Nxc1 35. Nc6 Nb3 36. Be5 f6 37. Bc3 Kf8 38. Nd4 Nxd4 39. Bxd4 e5 40. Bc3 g6 41. Kh2 Ke7 42. Kg3 Kd6 43. f3 gxf3 44. gxf3 d4 45. Bb4+ Kd5 46. Kf2 Bb5 47. Kg3 f5 48. Ba5 e4 49. Kf4 e3 50. Bb6 Kc4 51. Kg5 Be8 52. Kf4 Kd3 53. Kg3 Ba4 54. Kf4 e2 55. Ba5 Kc2 56. Bb4 d3 57. Ke3 f4+   {White resigns} 0-1

[Event "Team 45 45 League T27"]
[Site "Free Internet Chess Server"]
[Date "2005.06.19"]
[Round "1"]
[White "Louro"]
[Black "CamyC"]
[Result "1/2-1/2"]
[WhiteElo "1993"]
[BlackElo "2011"]
[TimeControl "2700+45"]

1. e4 e5 2. Nf3 Nc6 3. Bb5 a6 4. Ba4 Nf6 5. O-O Be7 6. Qe2 b5 7. Bb3 O-O 8. a4 d5 9. d3 Bg4 10. c3 b4 11. Bg5 Nh5 12. Bxe7 Nxe7 13. exd5 Nxd5 14. Qxe5 Bxf3 15. gxf3 Ndf4 16. d4 Qh4 17. Nd2 Nh3+ 18. Kh1 Nxf2+ 19. Kg1 Rfe8 20. Bxf7+ Kxf7 21. Qxc7+ Kg8 22. Qc4+ Kh8 23. Rxf2 Nf4 24. Kf1 Qh3+ 25. Kg1 Qh4 26. Kf1 Qh3+ 27. Kg1 Re6 28. Qf1 Rae8 29. Kh1 Qh5 30. cxb4 Nh3 31. Rg2 Nf4 32. Rg4 Re2 33. h4 Qf5 34. Rd1 Nd3 35. Ne4 R2xe4 36. Rxe4 Rxe4 37. fxe4 Qxe4+ 38. Kg1 Qg4+ 39. Kh1 Qxh4+ 40. Kg2 Qg4+ 41. Kh2 Qh4+   {Game drawn by mutual agreement} 1/2-1/2

[Event "Team 45 45 League T27"]
[Site "Free Internet Chess Server"]
[Date "2005.06.20"]
[Round "1"]
[White "mtjab"]
[Black "RussoTuristo"]
[Result "1-0"]
[WhiteElo "1931"]
[BlackElo "1936"]
[TimeControl "2700+45"]

1. d4 Nf6 2. Nc3 e6 3. Bg5 d5 4. e4 dxe4 5. Nxe4 Be7 6. Bxf6 Bxf6 7. Nf3 b6 8. Bd3 Bb7 9. c3 Nd7 10. Qc2 Be7 11. O-O O-O 12. Rad1 Rc8 13. Rfe1 a5 14. Ne5 Kh8 15. f4 f5 16. Ng3 Nxe5 17. Rxe5 c5 18. dxc5 Bxc5+ 19. Kh1 Qf6 20. Bc4 g6 21. Bxe6 Rc7 22. Bd5 Bc8 23. Rde1 Bd6 24. Re8 Bxf4 25. Qf2 Bxg3 26. Qxg3 f4 27. Rxf8+ Qxf8 28. Qg5 Bf5 29. Qxf4 Re7 30. Qd4+ Rg7 31. Bc6 Be6 32. h3 Bg8 33. Qxb6 Qd6 34. Qb5 g5 35. Bf3 h5 36. Bxh5 Qh6 37. Bg4 Qh4 38. Qe5 Qf2 39. Re2 Qf1+ 40. Kh2 Bxa2 41. Qe8+ Bg8 42. Qh5+ Rh7 43. Qxg5 Qf7 44. Qe5+ Rg7 45. Be6 Qg6 46. Bxg8 Kxg8 47. Qe8+   {Black resigns} 1-0

[Event "Team 45 45 League T27"]
[Site "Free Internet Chess Server"]
[Date "2005.06.18"]
[Round "1"]
[White "mandragora"]
[Black "Motyl"]
[Result "1-0"]
[WhiteElo "1801"]
[BlackElo "1888"]
[TimeControl "2700+45"]

1. e4 e5 2. Nf3 Nc6 3. Bb5 a6 4. Ba4 Nf6 5. Qe2 b5 6. Bb3 Be7 7. c3 d6 8. d4 exd4 9. cxd4 O-O 10. h3 Bb7 11. O-O h6 12. Rd1 d5 13. e5 Ne4 14. Nbd2 Na5 15. Bc2 Ng5 16. Nxg5 Bxg5 17. Nf3 Bxc1 18. Raxc1 Bc8 19. Qd3 g6 20. Qd2 Nc4 21. Qxh6 Qe7 22. Ng5 f5 23. Qxg6+ Qg7 24. Qxg7+ Kxg7 25. b3 Na5 26. Bd3 c6 27. f4 Ra7 28. Re1 Re7 29. Re3 Rh8 30. e6 Kf6 31. Rce1 Nb7 32. Rc1 Nd8 33. Kf2 Bxe6 34. Nxe6 Rxe6 35. Rxe6+ Kxe6 36. Re1+ Kf6 37. Re5 Rh5 38. Re8 Ne6 39. Ke3 Rh4 40. Bf1 Kf7 41. g3 Kxe8 42. gxh4 Kf7 43. Bd3 Kf6 44. h5 Nd8 45. Kd2 Nf7 46. Kc3 a5 47. a4 b4+ 48. Kd2 Nd6 49. Ke3 Kg7 50. Be2 Kh6 51. Bd1 Ne4 52. Be2 Ng3 53. Ba6 Nxh5 54. Bb7 Nf6 55. Bxc6 Kh5 56. Bb7 Kh4 57. Bc8 Kxh3 58. Bxf5+ Kg3 59. Be6 Ng4+ 60. Kd3 Kxf4 61. Bxd5 Ne3 62. Be6 Nd1 63. Kc4 Ke4 64. d5 Nc3 65. d6 Ke5 66. d7 Kxe6 67. d8=Q   {Black resigns} 1-0

[Event "Team 45 45 League T27"]
[Site "Free Internet Chess Server"]
[Date "2005.06.17"]
[Round "1"]
[White "daroos"]
[Black "Louro"]
[Result "0-1"]
[WhiteElo "2027"]
[BlackElo "1966"]
[TimeControl "2700+45"]

1. d4 Nf6 2. c4 g6 3. Nc3 d5 4. e3 Bg7 5. Nf3 c6 6. Bd3 O-O 7. a4 Qa5 8. Bd2 Qc7 9. Rc1 dxc4 10. Bxc4 Nbd7 11. O-O Nb6 12. Ba2 Bg4 13. a5 Nbd7 14. b4 Qd6 15. b5 c5 16. Ne2 Bxf3 17. gxf3 cxd4 18. Nxd4 Rfc8 19. Qb3 e6 20. Bb4 Qe5 21. a6 Qg5+ 22. Kh1 bxa6 23. bxa6 Ne5 24. Bd6 Qh5 25. Rxc8+ Rxc8 26. Bxe5 Qxe5 27. Nxe6 Rc3 28. f4 Qe4+ 29. f3 Qxe6 30. Qxc3 Qxa2 31. Qd3 Bf8 32. Kg1 Qd5 33. Qc3 Kg7 34. Kg2 Qa2+ 35. Rf2 Qxa6 36. e4 Qa3 37. Qc4 Qe3 38. e5 Nh5 39. Qe4 Nxf4+ 40. Kg3 Qxe4 41. fxe4 Ne6 42. Ra2 Bc5 43. Kf3 Bb6 44. Ke2 Nd4+ 45. Kd3 Nf3 46. Kc4 Nxe5+ 47. Kd5 Kf6 48. Ra1 Ng4 49. e5+ Kf5 50. Rf1+ Nf2 51. Kd6 g5 52. Ke7 Kxe5 53. Kxf7 Ng4 54. h3 Nf2 55. Re1+ Kf4 56. Rf1 Kg3 57. Rg1+ Kh4   {White resigns} 0-1

[Event "Team 45 45 League T27"]
[Site "Free Internet Chess Server"]
[Date "2005.06.18"]
[Round "1"]
[White "RussoTuristo"]
[Black "maupasant"]
[Result "1/2-1/2"]
[WhiteElo "1933"]
[BlackElo "1991"]
[TimeControl "2700+45"]

1. c4 Nf6 2. Nc3 d6 3. g3 g6 4. Bg2 Bg7 5. e4 e5 6. Nge2 O-O 7. O-O Nc6 8. d3 a5 9. f4 Re8 10. fxe5 dxe5 11. Bg5 h6 12. Bxf6 Bxf6 13. Nd5 Bg7 14. Qd2 Nb4 15. a3 Nxd5 16. cxd5 Bd7 17. Nc3 Rf8 18. Rac1 f5 19. Qc2 f4 20. Ne2 fxg3 21. Nxg3 Rc8 22. Rxf8+ Qxf8 23. Rf1 Qe7 24. Rf2 Qd6 25. Qb3 b6 26. Ne2 Rf8 27. Rxf8+ Bxf8 28. Qc3 h5 29. Kh1 Bh6 30. Ng1 Bg4 31. h3 Bd7 32. Nf3 Bg7 33. h4 Bg4   {Game drawn by mutual agreement} 1/2-1/2

[Event "Team 45 45 League T27"]
[Site "Free Internet Chess Server"]
[Date "2005.06.19"]
[Round "1"]
[White "ryoshu"]
[Black "adingod"]
[Result "0-1"]
[WhiteElo "1955"]
[BlackElo "1848"]
[TimeControl "2700+45"]

1. e4 Nf6 2. Nc3 d5 3. exd5 Nxd5 4. g3 g6 5. Bg2 Nb6 6. Nf3 Bg7 7. O-O Nc6 8. Re1 O-O 9. d3 Bg4 10. h3 Bd7 11. Kh2 e5 12. a4 a5 13. Ng1 h6 14. f4 exf4 15. Bxf4 g5 16. Bc1 f5 17. Nd5 Nxd5 18. Bxd5+ Kh7 19. c3 Qf6 20. d4 Rab8 21. Qc2 Ne7 22. Bg2 Bc6 23. Rf1 Bxg2 24. Kxg2 Kh8 25. Kh2 Rbe8 26. Bd2 Nd5 27. Rae1 Rxe1 28. Rxe1 f4 29. g4 f3 30. Rf1 f2 31. Ne2 Qd6+ 32. Ng3 Rf3   {White resigns} 0-1

[Event "Team 45 45 League T27"]
[Site "Free Internet Chess Server"]
[Date "2005.06.19"]
[Round "1"]
[White "twotowers"]
[Black "LLIAMAH"]
[Result "0-1"]
[WhiteElo "1616"]
[BlackElo "1731"]
[TimeControl "2700+45"]

1. Nf3 Nf6 2. g3 d6 3. Bg2 e5 4. d3 Be6 5. O-O Qc8 6. e4 Nc6 7. Ng5 Bd7 8. f4 h6 9. Nf3 Bh3 10. Nc3 Bxg2 11. Kxg2 Be7 12. Nd5 Qd7 13. Nxe7 Qxe7 14. fxe5 dxe5 15. b3 O-O-O 16. Qe2 Nd4 17. Nxd4 exd4 18. Bb2 h5 19. c3 h4 20. e5 hxg3 21. hxg3 dxc3 22. Bxc3 Qe6 23. Qf3 Ng4 24. Rh1 Rhf8 25. Rae1 Nh6 26. d4 Qa6 27. a4 Qe6 28. Bb4 Rfe8 29. Rd1 Nf5 30. Qc3 Qd5+ 31. Kf2 f6 32. Rhe1 Nxd4 33. exf6 Rxe1 34. Rxe1 gxf6 35. Re7 Qf5+ 36. Kg2 Nc6 37. Rf7 Qd5+   {White resigns} 0-1

[Event "Team 45 45 League T27"]
[Site "Free Internet Chess Server"]
[Date "2005.06.20"]
[Round "1"]
[White "Nezha"]
[Black "xplan"]
[Result "1-0"]
[WhiteElo "1707"]
[BlackElo "1523"]
[TimeControl "2700+45"]

1. e4 e5 2. Nf3 Nc6 3. Bb5 a6 4. Ba4 Nf6 5. O-O Be7 6. Re1 d6 7. c3 b5 8. Bc2 Bg4 9. d3 d5 10. Nbd2 d4 11. h3 Bh5 12. Nf1 Qd6 13. Ng3 Bg6 14. Bd2 Nd8 15. cxd4 Nd7 16. dxe5 Nxe5 17. Bf4 Nxf3+ 18. Qxf3 Qd4 19. Bxc7 Ne6 20. Ba5 Rc8 21. Bc3 Qb6 22. Nf5 Bxf5 23. exf5 Nd4 24. Qe3 Qd6 25. Bxd4 Rxc2 26. Bxg7 Rg8 27. f6 Qc5 28. Qxe7+ Qxe7 29. Rxe7+ Kd8 30. Rae1 Rxb2 31. Ra7 Rxa2 32. Ree7   {Black resigns} 1-0

[Event "Team 45 45 League T27"]
[Site "Free Internet Chess Server"]
[Date "2005.06.15"]
[Round "1"]
[White "PawnSensei"]
[Black "clarinetref"]
[Result "0-1"]
[WhiteElo "1422"]
[BlackElo "1494"]
[TimeControl "2700+45"]

1. e4 c5 2. Nf3 Nc6 3. d4 cxd4 4. Nxd4 g6 5. Nc3 Bg7 6. Nxc6 bxc6 7. Bd2 e6 8. Bd3 Ne7 9. O-O O-O 10. Qc1 Re8 11. Bh6 Bh8 12. Qd2 d5 13. f3 Qb6+ 14. Kh1 Qxb2 15. Ne2 Qa3 16. Qc1 Bb2 17. Qe1 a5 18. Bc1 Bxc1 19. Qxc1 Qd6 20. a4 Ba6 21. Bxa6 Rxa6 22. Rb1 f5 23. Rd1 Ra7 24. Qe3 Rd7 25. Qb6 Ra8 26. Rb3 Qe5 27. Qd4 Qxd4 28. Nxd4 dxe4 29. fxe4 e5 30. Rdb1 Rxd4 31. exf5 gxf5 32. g3 Rad8 33. Rb8 Rxb8 34. Rxb8+ Kg7 35. Rb7 Kf6 36. h4 Rd1+ 37. Kg2 Rd2+ 38. Kf3 Rxc2 39. Ra7 Rc3+ 40. Kf2 Rc5 41. Kf3 h5 42. Ke3 Nd5+ 43. Kf3 e4+ 44. Kf2 Rc2+ 45. Ke1 Rc5 46. Kf2 e3+ 47. Kf3 Nc3 48. Kxe3 Nxa4 49. Kd4 Rd5+ 50. Kc4 Nb2+ 51. Kc3 Nd1+ 52. Kb3 Nf2 53. Ra6 Rd6 54. Rxa5 Ne4 55. Ra4 Nxg3 56. Kc4 Re6 57. Kc5 Ne4+ 58. Kc4 f4 59. Ra1 f3 60. Kd3 Kf5 61. Rf1 Kg4 62. Re1 f2 63. Rc1 Kf3 64. Rc5 Nxc5+ 65. Kd4 f1=Q 66. Kxc5 Qc1+   {White resigns} 0-1

[Event "Team 45 45 League T27"]
[Site "Free Internet Chess Server"]
[Date "2005.06.18"]
[Round "1"]
[White "tjraczko"]
[Black "Lofoten"]
[Result "0-1"]
[WhiteElo "1590"]
[BlackElo "1743"]
[TimeControl "2700+45"]

1. e4 e5 2. Nf3 Nc6 3. Bb5 a6 4. Ba4 Nf6 5. O-O Be7 6. Re1 b5 7. Bb3 d6 8. c3 Bg4 9. d3 O-O 10. Nbd2 Nb8 11. Nf1 Nbd7 12. h3 Be6 13. d4 Bxb3 14. Qxb3 c5 15. dxe5 dxe5 16. Rd1 Qc7 17. Bg5 c4 18. Qc2 Nc5 19. Ng3 Rad8 20. Bxf6 Bxf6 21. Rd5 Rxd5 22. exd5 Rd8 23. Rd1 Nd3 24. Ne1 Nxe1 25. Rxe1 Rxd5 26. Ne4 Be7 27. Qe2 f5 28. Nd2 Qd7 29. Nf3 e4 30. Nd4 Bc5 31. Rd1 Bxd4 32. cxd4 Rxd4 33. Rxd4 Qxd4 34. Qh5 g6 35. Qg5 Qxb2 36. Qd8+ Kg7 37. Qc7+ Kh6 38. Qf4+ g5 39. Qd6+ Kg7 40. Qe7+ Kg6 41. Qe8+ Kh6 42. Qf8+ Qg7 43. Qxf5 Qe7 44. Qd5 e3 45. fxe3 Qxe3+ 46. Kh2 c3 47. Qf5 Qf4+   {White resigns} 0-1

[Event "Team 45 45 League T27"]
[Site "Free Internet Chess Server"]
[Date "2005.06.18"]
[Round "1"]
[White "BIRDSMAN"]
[Black "Lamtarra"]
[Result "0-1"]
[WhiteElo "1623"]
[BlackElo "1574"]
[TimeControl "2700+45"]

1. e4 d6 2. Nf3 Nf6 3. Nc3 g6 4. d4 Nc6 5. Bg5 Bg7 6. Qd2 O-O 7. O-O-O Re8 8. h3 h5 9. Be2 b6 10. Rhe1 Bb7 11. Kb1 e5 12. dxe5 dxe5 13. Qxd8 Raxd8 14. Bxf6 Bxf6 15. Nd5 Kg7 16. Nxc7 Rxd1+ 17. Rxd1 Re7 18. Nd5 Rd7 19. Nxf6 Rxd1+ 20. Bxd1 Kxf6 21. Nd2 Kg5 22. g3 f5 23. f3 fxe4 24. Nxe4+ Kh6 25. h4 Nd4 26. c3 Bxe4+ 27. fxe4 Ne6 28. Bb3 Nc5 29. Bd5 Nd3 30. Kc2 Nc5 31. b4 Nd7 32. Kd3 g5 33. Bf7 Nf6 34. Bd5 Ng4 35. Kc4 Ne3+ 36. Kb5 Nf1 37. hxg5+ Kxg5 38. Ka6 Nxg3 39. Kxa7 h4 40. Be6 Nxe4 41. Kxb6 Nxc3 42. Kc5 e4 43. Kd4 Nxa2 44. b5 Kf4 45. b6 Nb4 46. Bc4 Nc6+ 47. Kc5 Nb8 48. Bf1 Nd7+ 49. Kd6 Nxb6 50. Kc5 Nd7+ 51. Kd4 Nf6 52. Kc3 e3 53. Kd3 Ng4 54. Ke2 Kg3 55. Ke1 h3   {White resigns} 0-1

[Event "Team 45 45 League T27"]
[Site "Free Internet Chess Server"]
[Date "2005.06.18"]
[Round "1"]
[White "mrmahoon"]
[Black "SuperDiman"]
[Result "0-1"]
[WhiteElo "1577"]
[BlackElo "1451"]
[TimeControl "2700+45"]

1. e4 d5 2. exd5 Qxd5 3. Nc3 Qa5 4. d4 c6 5. Nf3 Bg4 6. Be2 Nf6 7. Bd2 Qb6 8. Na4 Qd8 9. Be3 e6 10. O-O Nbd7 11. Nc3 Bb4 12. Nd2 Bxe2 13. Nxe2 Bxd2 14. Bxd2 Qb6 15. Bc3 Ne4 16. Qd3 Nd6 17. d5 Nc5 18. Qg3 Nf5 19. Qg4 h5 20. Qg5 Ne4 21. Qc1 cxd5 22. Kh1 Nxf2+ 23. Kg1 Nd3+   {White resigns} 0-1

[Event "Team 45 45 League T27"]
[Site "Free Internet Chess Server"]
[Date "2005.06.25"]
[Round "1"]
[White "Holyphant"]
[Black "zcomcon"]
[Result "1-0"]
[WhiteElo "1735"]
[BlackElo "1654"]
[TimeControl "2700+45"]

1. e4 e5 2. Nf3 Nc6 3. Bc4 Bc5 4. c3 Qe7 5. O-O d6 6. d4 Bb6 7. a4 a6 8. h3 h6 9. b4 Nf6 10. d5 Nb8 11. Qe2 O-O 12. Be3 Bxe3 13. Qxe3 Nbd7 14. Re1 Re8 15. Bb3 Nf8 16. c4 a5 17. b5 b6 18. Nc3 N6d7 19. Ne2 Nc5 20. Bc2 Ng6 21. Ng3 Nh4 22. Nxh4 Qxh4 23. Qe2 Qg5 24. Ra3 Bd7 25. Nh5 Rad8 26. Rg3 Qe7 27. Nxg7 Kh8 28. Qh5 Kh7 29. Nxe8 Rxe8 30. Ree3 Rf8 31. Bd1 f6 32. Qg6+   {Black resigns} 1-0

[Event "Team 45 45 League T27"]
[Site "Free Internet Chess Server"]
[Date "2005.06.19"]
[Round "1"]
[White "Berke"]
[Black "jjgsmm"]
[Result "0-1"]
[WhiteElo "1515"]
[BlackElo "1588"]
[TimeControl "2700+45"]

1. d4 d5 2. c4 e6 3. Nc3 dxc4 4. Nf3 Nf6 5. Bg5 Be7 6. e3 Nc6 7. Bxc4 a6 8. O-O b5 9. Bb3 O-O 10. a3 Bb7 11. Rc1 Rc8 12. Bc2 Nd5 13. Qd3 f5 14. Bxe7 Ndxe7 15. Rfd1 Na5 16. Qe2 Nc4 17. Bb3 Bd5 18. Nxd5 exd5 19. Ng5 Rf6 20. Rc2 Qe8 21. Rdc1 c6 22. Qd3 Qg6 23. Nf3 f4 24. Qxg6 Nxg6 25. exf4 Nxf4 26. g3 Nd3   {White resigns} 0-1

[Event "Team 45 45 League T27"]
[Site "Free Internet Chess Server"]
[Date "2005.06.15"]
[Round "1"]
[White "scrow"]
[Black "Scapegoated"]
[Result "0-1"]
[WhiteElo "1493"]
[BlackElo "1471"]
[TimeControl "2700+45"]

1. d4 d5 2. Nf3 Nc6 3. e3 e6 4. c4 Nf6 5. a3 Bd6 6. c5 Be7 7. b4 b6 8. Nbd2 bxc5 9. bxc5 Bd7 10. Bb5 Na5 11. Bd3 Rb8 12. O-O O-O 13. Ne5 Bc6 14. Qc2 Nd7 15. Nxd7 Qxd7 16. Bxh7+ Kh8 17. Nf3 g6 18. Bxg6 fxg6 19. Qxg6 Rf6 20. Qh5+ Kg7 21. Ne5 Qe8 22. Qg4+ Kh8 23. Bd2 Nc4 24. Qh3+ Kg7 25. Nxc4 dxc4 26. Qg3+ Rg6 27. Qxc7 Rxg2+ 28. Kh1 Rxf2+ 29. Kg1 Rg2+ 30. Kh1 Rxd2+ 31. Kg1 Qg6+ 32. Qg3 Rg2+ 33. Qxg2 Qxg2#   {White checkmated} 0-1

[Event "Team 45 45 League T27"]
[Site "Free Internet Chess Server"]
[Date "2005.06.20"]
[Round "1"]
[White "clarinetref"]
[Black "crackjack"]
[Result "1-0"]
[WhiteElo "1514"]
[BlackElo "1649"]
[TimeControl "2700+45"]

1. Nf3 Nf6 2. c4 Nc6 3. b3 g6 4. Bb2 Bg7 5. g3 O-O 6. Bg2 a6 7. O-O b5 8. d3 Rb8 9. cxb5 axb5 10. a3 Bb7 11. Nbd2 e6 12. Ra2 Ne7 13. Qa1 Nh5 14. Bxg7 Nxg7 15. b4 Bxf3 16. Nxf3 c6 17. Rc1 Nd5 18. e4 Ne7 19. d4 f5 20. Nd2 fxe4 21. Nxe4 Nd5 22. Nc5 Rf7 23. Re2 Qe7 24. Bxd5 cxd5 25. Nd3 Qf6 26. Ne5 Re7 27. Rc7 d6 28. Rxe7 Qxe7 29. Nc6 Qb7 30. Nxb8 Qxb8 31. a4 Qe8 32. a5 Nf5 33. a6 Nxd4 34. Qxd4   {Black resigns} 1-0

[Event "Team 45 45 League T27"]
[Site "Free Internet Chess Server"]
[Date "2005.06.16"]
[Round "1"]
[White "jerryrab"]
[Black "hotjazz"]
[Result "0-1"]
[WhiteElo "1297"]
[BlackElo "1419"]
[TimeControl "2700+45"]

1. e4 e6 2. c4 c5 3. Nf3 Nc6 4. d4 cxd4 5. Nxd4 Bb4+ 6. Nc3 Ne5 7. a3 Ba5 8. Nb5 d5 9. cxd5 Nf6 10. b4 Bb6 11. dxe6 Qe7 12. Nd6+ Kf8 13. exf7 Nfg4 14. Nf5 Nxf2 15. Nxe7 Nxd1 16. Nxd1 Kxe7 17. Bb2 Ke6 18. Nc3 Kxf7 19. Nd5 Re8 20. Nxb6 axb6 21. Be2 Bd7 22. Rf1+ Kg6 23. h3 Ba4 24. Rf5 Nc6 25. Bh5+ Kh6 26. Bc1+ g5 27. g4 Rxe4+ 28. Kf2 Nd4 29. Rf6+ Kg7 30. Bxg5 Re2+ 31. Kg3 Rc8 32. Rf7+ Kg8 33. Rxb7 Rc3+ 34. Kh4 Nf3+ 35. Kg3 Nxg5+ 36. Kf4 Nxh3+ 37. Kf5 Rf3#   {White checkmated} 0-1